 Dungeon Crawl Stone Soup version 0.29-a0-520-gc852659d43 (webtiles) character file.

Game seed: 5577442743037826745

2473 Essalna the Geomancer (level 9, 0/55 HPs)
             Began as a Gargoyle Earth Elementalist on May 31, 2022.
             Was an Initiate of Ashenzari.
             Hit by a large rock thrown by a cyclops (19 damage)
             ... on level 7 of the Dungeon.
             The game lasted 00:13:32 (8451 turns).

Essalna the Geomancer (Gargoyle Earth Elementalist) Turns: 8451, Time: 00:13:32

Health: 0/55       AC:  9    Str: 18    XL:     9   Next: 51%
Magic:  13/19      EV: 12    Int: 20    God:    Ashenzari [......]
Gold:   246        SH:  0    Dex: 10    Spells: 15/21 levels left

rFire   + . .      SeeInvis .   u - +2 dagger (venom)
rCold   + . .      Faith    .   (no shield)
rNeg    + . .      Spirit   .   i - +0 robe of Ashenzari's Moon {rC+ rF+, Elem, Self} (curse)
rPois   ∞          Reflect  .   (no helmet)
rElec   +          Harm     .   (no cloak)
rCorr   .          Rampage  .   v - +0 pair of gloves
Will    .....                   (no boots)
Stlth   ++........              (no amulet)
HPRegen 0.18/turn               s - +6 ring of strength
MPRegen 0.16/turn               (no ring)

@: no status effects
A: sickness immunity, AC +6, negative energy resistance 1, electricity
resistance, torment resistance 1, petrification resistance
a: Renounce Religion, Curse Item, Shatter the Chains


You were on level 7 of the Dungeon.
You worshipped Ashenzari.
Ashenzari was noncommittal.
You visited 2 branches of the dungeon, and saw 8 of its levels.

You collected 246 gold pieces.

Inventory:

Hand Weapons
 m - a +2 dagger of freezing
 u - a +2 dagger of venom (weapon)
Missiles
 e - 2 throwing nets
 t - 97 stones
Armour
 b - a +0 robe
 i - the cursed +0 robe of Ashenzari's Moon (worn) {rC+ rF+, Elem, Self}
   (You found it on level 2 of the Dungeon)

   It has a curse which improves the following skills: Elements: Fire Magic, Ice
   Magic, Air Magic and Earth Magic.
   Introspection: Fighting and Spellcasting.
 v - a +0 pair of gloves (worn)
Jewellery
 s - a +6 ring of strength (left hand)
Wands
 n - a wand of iceblast (22)
 D - a wand of acid (8)
Scrolls
 a - 2 scrolls of enchant armour {unknown}
 d - 3 scrolls of blinking {unknown}
 h - 2 scrolls of summoning {unknown}
 k - 3 scrolls of vulnerability {unknown}
 l - a scroll of poison {unknown}
 o - 2 scrolls of identify {unknown}
 r - a scroll of noise {unknown}
 w - 2 scrolls of teleportation {unknown}
 x - a scroll of fog {unknown}
 y - a scroll of fear {unknown}
 A - a scroll of magic mapping {unknown}
Potions
 c - a potion of magic
 f - 4 potions of curing {unknown}
 g - a potion of degeneration {unknown}
 j - 2 potions of attraction {unknown}
 p - a potion of might {unknown}
 q - 3 potions of brilliance {unknown}
 z - a potion of mutation {unknown}
 B - a potion of flight {unknown}
 C - 2 potions of berserk rage {unknown}


   Skills:
 + Level 5.2(5.6) Fighting
 + Level 3.7 Armour
 + Level 3.3 Dodging
 - Level 2.1 Stealth
 + Level 6.3(6.7) Spellcasting
 + Level 4.2 Conjurations
 - Level 0.7 Transmutations
 + Level 8.8(9.2) Earth Magic


You had 15 spell levels left.
You knew the following spells:

 Your Spells              Type           Power      Damage    Failure   Level
a - Sandblast             Erth           86%        2d18      1%          1
b - Passwall              Tmut/Erth      21%        N/A       1%          2
c - Stone Arrow           Conj/Erth      66%        3d11      1%          3

Your spell library contained the following spells:

 Spells                   Type           Power      Damage    Failure   Level
 Apportation              Tloc           12%        N/A       10%         1
 Slow                     Hex            24%        N/A       10%         1
 Petrify                  Tmut/Erth      26%        N/A       12%         4
 Confusing Touch          Hex            6%         N/A       28%         3
 Gell's Gravitas          Tloc           6%         N/A       28%         3
 Lesser Beckoning         Tloc           6%         N/A       28%         3
 Summon Guardian Golem    Hex/Summ       6%         N/A       28%         3
 Teleport Other           Tloc           6%         N/A       28%         3
 Vampiric Draining        Necr           6%         2d6       28%         3
 Alistair's Intoxication  Tmut/Pois      5%         N/A       93%         5
 Orb of Destruction       Conj           11%        9d6       100%        7
 Spellforged Servitor     Conj/Summ      7%         N/A       100%        7


Dungeon Overview and Level Annotations

Branches:
Dungeon (7/15)             Temple (1/1) D:4

Altars:
Ashenzari
Cheibriados
Dithmenos
Elyvilon
Fedhas
Gozag
Hepliaklqana
Makhleb
Nemelex Xobeh
Okawaru
Sif Muna
Trog
Uskayaw
Vehumet
Xom
Yredelemnul
Zin
The Shining One

Shops:
D:1 ((   D:4 *


Innate Abilities, Weirdness & Mutations

You are immune to sickness and miasma.
Your stone body is resilient. (AC +6)
You are immune to poison.
You resist negative energy. (rN+)
You are resistant to electric shocks. (rElec)
You are resistant to unholy torment.
You are immune to petrification.


Message History

A wyvern comes into view.
There is an open door here.
There is an open door here.
The stone arrow hits the hornet!
The hornet is moderately wounded.
The hornet buzzes angrily.
The stone arrow hits the hornet!!
You kill the hornet!
The stone arrow hits the wyvern!!
You kill the wyvern!
You can't see any susceptible monsters within range! (Use Z to cast anyway.)
You open the door.
There is an open door here.
Found a stone staircase leading up.
You open the door.
There is an open door here.
A cyclops comes into view.
Found a robe.
You can't see any susceptible monsters within range! (Use Z to cast anyway.)
The cyclops shouts!
The cyclops throws a large rock.
The large rock hits you!!!
Ouch! That really hurt!
You are too injured to fight recklessly!
You are too injured to fight recklessly!
Casting: Stone Arrow (safe; 1% risk of failure)
Confirm with . or Enter, or press ? or * to list all spells.
Aiming: Stone Arrow (safe; 1% risk of failure)
Press: ? - help, Shift-Dir - straight line, f - cyclops
Aim: a cyclops, quivering large rocks (98% to hit)
The stone arrow hits the cyclops!
The cyclops is moderately wounded.
Casting: Stone Arrow (safe; 1% risk of failure)
Confirm with . or Enter, or press ? or * to list all spells.
Aiming: Stone Arrow (safe; 1% risk of failure)
Press: ? - help, Shift-Dir - straight line, f/p - cyclops
Aim: a cyclops, quivering large rocks (moderately wounded, 98% to hit)
The stone arrow hits the cyclops!!
The cyclops is severely wounded.
The cyclops throws a large rock.
The large rock hits you!!
You die...

.#...### #..# .#.....#
##..#..# .'.....#
....#..##+##### .#.....#
##...[#.......... .#.....#
#..C..#.......... .#.....#
#....####........ ##..####
#.... #.#........ ##..####
#..# #.'........ .......####
#@#####.#........ ..........#
#.......#.....###
................#......#...<.#
................#......#.....+
................#......+.....#
.######+############...#.....#
## #...#...... #...# +...#


You could see a cyclops.

Vanquished Creatures
  A hornet (D:7)
  A wyvern (D:7)
  3 water moccasins
  2 orc warriors
  A sky beast (D:6)
  A black bear (D:6)
  An ogre (D:5)
  A centaur (D:6)
  A phantom (D:5)
  3 necrophages
  3 scorpions
  A howler monkey (D:7)
  6 hounds
  2 jellies
  4 iguanas
  10 orc wizards
  6 gnolls
  6 adders
  2 white imps
  An ufetubus (D:5)
  4 dart slugs
  26 orcs
  7 ball pythons
  11 endoplasms
  2 giant cockroaches (D:1)
  6 goblins
  7 hobgoblins
  2 jackals (D:2)
  2 quokkas
  8 bats
  3 frilled lizards (D:2)
  6 kobolds
  7 rats
147 creatures vanquished.

Vanquished Creatures (others)
  3 fungi (D:6)
3 creatures vanquished.

Grand Total: 150 creatures vanquished

Notes
Turn   | Place    | Note
-------+----------+-------------------------------------------
     0 | D:1      | Essalna the Gargoyle Earth Elementalist began the quest for
                  | the Orb.
     0 | D:1      | Reached XP level 1. HP: 10/10 MP: 3/3
    86 | D:1      | Found Aka Qua's Weapon Shop.
   378 | D:1      | Reached skill level 4 in Earth Magic
   378 | D:1      | Reached XP level 2. HP: 15/15 MP: 1/5
  1066 | D:1      | Found Iluisuse's Weapon Emporium.
  1108 | D:1      | Reached XP level 3. HP: 19/19 MP: 3/6
  1111 | D:1      | Learned a level 2 spell: Passwall
  1115 | D:1      | Learned a level 3 spell: Stone Arrow
  1748 | D:2      | Reached skill level 1 in Conjurations
  1748 | D:2      | Reached XP level 4. HP: 24/24 MP: 5/8
  1778 | D:2      | Found a faded altar of an unknown god.
  2191 | D:2      | Reached skill level 5 in Earth Magic
  2196 | D:2      | Reached XP level 5. HP: 21/28 MP: 9/9
  3456 | D:3      | Reached XP level 6. HP: 32/32 MP: 7/11
  3799 | D:4      | Found Javavior's Neck Hole.
  3880 | D:4      | Reached skill level 6 in Earth Magic
  4149 | D:4      | Reached XP level 7. HP: 36/36 MP: 10/13
  4621 | D:4      | Found a staircase to the Ecumenical Temple.
  4651 | Temple   | Entered the Ecumenical Temple
  4857 | Temple   | Became a worshipper of Ashenzari the Shackled
  5026 | D:4      | Reached skill level 1 in Fighting
  5544 | D:5      | Entered Level 5 of the Dungeon
  5548 | D:5      | Reached skill level 5 in Spellcasting
  5548 | D:5      | Reached skill level 7 in Earth Magic
  5664 | D:5      | Reached XP level 8. HP: 29/45 MP: 3/15
  6121 | D:5      | Found a radiant altar of Vehumet.
  6475 | D:6      | Reached skill level 1 in Armour
  6705 | D:6      | Reached skill level 8 in Earth Magic
  7178 | D:6      | Reached XP level 9. HP: 53/53 MP: 14/18
  7940 | D:6      | Found a hide-covered altar of Uskayaw.
  8241 | D:7      | Reached skill level 5 in Fighting
  8331 | D:7      | Noticed a hornet
  8337 | D:7      | Killed a hornet
  8448 | D:7      | Noticed a cyclops
  8451 | D:7      | Hit by a large rock thrown by a cyclops

Illustrated notes

Levels and vault maps discovered:
D:1:      dpeg_arrival_radiant, layout_basic, serial_shops,
          nicolae_shop_hallway_plus, nicolae_shop_bloodbath_and_beyond
D:2:      layout_basic, hellmonk_ecumenical_altar_dog_temple,
          minmay_misc_feat_iff, minmay_misc_feat_nine_boxes
D:3:      layout_loops_cross
D:4:      layout_loops_ring, minmay_temple_entry_butterflies,
          grunt_ministairs_2, nicolae_shop_sticking_my_neck_out
D:5:      layout_cave_pools, vehumet_crystals
D:6:      layout_cave_pods, nicolae_uskayaw_dance_hall,
          chequers_serial_rivers_micro_b, grunt_ministairs_9,
          dreamdust_gnoll_farm
D:7:      minmay_opposing_rooms, layout_gridville, hangedman_decor_points,
          serial_bayou_lagoon_a
Temple:   regret_index_temple_mists

Skill      XL: |  1  2  3  4  5  6  7  8  9 |
---------------+----------------------------+-----
Earth Magic    | 4 5 6 7 8 |  8.8
Conjurations   | 1 2 3 4 |  4.2
Spellcasting   | 3 4 5 6 |  6.3
Fighting       | 2 4 5 |  5.2
Armour         | 2 3 |  3.7
Dodging        | 2 3 |  3.3
Stealth        | |  2.1
Transmutations | |  0.7

Action                   |  1- 3 |  4- 6 |  7- 9 || total
-------------------------+-------+-------+-------++-------
Melee: Unarmed           |    11 |     1 |       ||    12
       Dagger            |       |   120 |    64 ||   184
       Punch             |       |     1 |       ||     1
 Cast: Sandblast         |    33 |    31 |    15 ||    79
       Stone Arrow       |       |     1 |    86 ||    87
Invok: Curse Item        |       |       |     1 ||     1
 Stab: Sleeping          |       |     6 |       ||     6
Armor: Robe              |     5 |    39 |    42 ||    86
Dodge: Dodged            |     8 |    54 |    37 ||    99

Table legend: (Time is in decaauts)
 A = Elapsed time spent in this place.
 B = Non-inter-level travel time spent in this place.
 C = Inter-level travel time spent in this place.
 D = Time resting spent in this place.
 E = Time spent auto-exploring this place.
 F = Levels seen in this place.
 G = Mean time per level.
                   A        B        C        D        E       F      G
               +--------+--------+--------+--------+--------+-----+--------+
         Total |   8477 |   8283 |    194 |    230 |   6912 |   8 | 1059.6 |
       Dungeon |   8227 |   8051 |    176 |    230 |   6710 |   7 | 1175.3 |
        Temple |    249 |    231 |     18 |      0 |    202 |   1 |  249.0 |
               +--------+--------+--------+--------+--------+-----+--------+

Top non-repeatable levels by time:
     D:6: 1767 daAuts
     D:4: 1563 daAuts
     D:1: 1521 daAuts
     D:2: 1323 daAuts
     D:3: 1094 daAuts
     D:5: 746 daAuts
  Temple: 249 daAuts
     D:7: 211 daAuts
